 Dungeon Crawl Stone Soup version 0.22-a0-601-gb0ed703 (webtiles) character file.

12 sking99 the Insei (level 2, 0/18 HPs)
             Began as an Octopode Transmuter on July 6, 2018.
             Killed from afar by an orc wizard (7 damage)
             ... with a puff of flame
             ... on level 2 of the Dungeon.
             The game lasted 00:01:28 (944 turns).

sking99 the Insei (Octopode Transmuter)              Turns: 944, Time: 00:01:28

Health: 0/18       AC:  1    Str:  9    XL:     2   Next: 33%
Magic:  4/5        EV: 13    Int: 15    God:
Gold:   30         SH:  0    Dex: 12    Spells: 4/5 levels left

rFire    . . .     SeeInvis .     - Unarmed
rCold    . . .     Gourm    .   (no shield)
rNeg     . . .     Faith    .   (helmet restricted)
rPois    .         Spirit   .   (no amulet)
rElec    .         Reflect  .   (no ring)
rCorr    .         Harm     .   (no ring)
MR       .....                  (no ring)
Stlth    +++.......             (no ring)
HPRegen  0.06/turn              (no ring)
MPRegen  0.09/turn              (no ring)
                                (no ring)
                                (no ring)

@: appendage (expiring)
A: almost no armour, stealthy swim, amphibious, 8 rings, constrict 8, tentacle
spike 3, camouflage 1, gelatinous body 1
a: End Transformation


You were on level 2 of the Dungeon.
You were not hungry.
One of your tentacles had a temporary spike.
You visited 1 branch of the dungeon, and saw 2 of its levels.

You collected 30 gold pieces.

Inventory:

Missiles
 a - 12 arrows
Scrolls
 b - 3 scrolls of enchant weapon {unknown}
 e - 3 scrolls of remove curse {unknown}
 f - a scroll of teleportation {unknown}
 g - a scroll of immolation {unknown}
 h - a scroll of enchant armour {unknown}
Potions
 i - a potion of curing {unknown}
 j - a potion of heal wounds {unknown}
 k - a potion of might {unknown}
Comestibles
 c - 4 rations


   Skills:
 + Level 1.5 Fighting
 - Level 2.0 Dodging
 * Level 3.4 Unarmed Combat
 - Level 2.0 Spellcasting
 - Level 2.0 Transmutations


You had 4 spell levels left.
You knew the following spells:

 Your Spells              Type           Power        Failure   Level  Hunger
a - Beastly Appendage     Tmut           #.....       10%         1    #......

Your spell library contained the following spells:

 Spells                   Type           Power        Failure   Level  Hunger
 Spider Form              Tmut/Pois      #.........   41%         3    ###....
 Blade Hands              Tmut           #.........   95%         5    ######.
 Ice Form                 Ice/Tmut       #.......     82%         4    #####..
 Sticks to Snakes         Tmut           #.......     14%         2    ###....


Dungeon Overview and Level Annotations

Branches:
Dungeon (2/15)

Altars:


Innate Abilities, Weirdness & Mutations

You cannot wear most types of armour.
You are very stealthy in the water. (Stealth+)
You are amphibious.
You can wear up to eight rings at the same time.
You can use your tentacles to constrict eight enemies at once.
Your skin changes colour to match your surroundings (Stealth+).
Your rubbery body absorbs attacks. (AC +1, EV +1)
One of your tentacles bears a large vicious spike.


Message History

The orc is lightly wounded.
The orc hits you with a mace.
You tentacle-slap the orc. You grab the orc.
The orc is almost dead.
You constrict the orc.
You kill the orc!
The orc wizard mumbles some strange words.
The orc wizard flickers and vanishes!
Deactivating autopickup; reactivate with Ctrl-A.
An orc comes into view. It is wielding a short sword.
The orc shouts!
The orc moves out of view.
Something hits you.
You closely miss something.
Your tentacle spike misses something.
The orc hits you with a falchion.
You closely miss something. Your squeeze misses something.
You hear some strange, mumbled words.
A puff of flame appears from out of thin air!
The puff of flame hits you!
You die...

###.#####.#
.......<..#
###.####..###
#.$......>#
####...##.#
#.....# #
####.≈≈≈.#.#
.....≈$≈)..#
####.≈≈@...#
#..o{...#
......>......#
####.#.##.##.#
#.#. .. .#
#.#. .## # ..
## ##


You could see an orc.

Vanquished Creatures
  2 dart slugs (D:1)
  An orc (D:2)
  A bat (D:1)
  2 hobgoblins (D:1)
  A rat (D:1)
7 creatures vanquished.

Notes
Turn   | Place    | Note
-------+----------+-------------------------------------------
     0 | D:1      | sking99 the Octopode Transmuter began the quest for the Orb.
     0 | D:1      | Reached XP level 1. HP: 13/13 MP: 3/3
   458 | D:1      | Reached XP level 2. HP: 17/18 MP: 3/5
   944 | D:2      | Killed from afar by an orc wizard

Vault maps used:
D:1:      eino_arrival_cavern_b
D:2:      zin_scriptorium, first_ration, corexii_item_surrounded_by_moat,
          tgw_trog

Action                   || total
-------------------------++-------
Melee: Unarmed           ||    22
       Constrict         ||     6
       Kick              ||     2
       Tentacles         ||     3
 Cast: Beastly Appendage ||     5
 Stab: Sleeping          ||     1
Dodge: Dodged            ||    10

Table legend:
 A = Spawn XP
 B = Non-spawn XP
 C = Spawn XP percentage of total XP
 D = Spawn monster count
 E = Non-spawn monster count
 F = Spawn count percentage of total count
 G = Total turns spent on level
                    A         B        C        D         E        F      G
               +---------+---------+-------+---------+---------+-------+---------
         Total |       0 |      18 |   0.0 |       0 |       7 |   0.0 |   944
               +---------+---------+-------+---------+---------+-------+---------
           D:1 |       0 |      15 |   0.0 |       0 |       6 |   0.0 |   931
           D:2 |       0 |       3 |   0.0 |       0 |       1 |   0.0 |    13
               +---------+---------+-------+---------+---------+-------+---------
